 Dungeon Crawl Stone Soup version 0.31.0-32-g396128a36d (webtiles) character file.

Game seed: 13092855083325178998

35 Squishy the Changeling (level 3, -1/40 HPs)
             Began as a Merfolk Shapeshifter on Apr 3, 2024.
             Slain by a +1 glaive of electrocution (5 damage)
             ... created by the rancor of the Wu Jian Council
             ... on level 2 of the Dungeon.
             The game lasted 00:07:49 (1717 turns).

Squishy the Changeling (Merfolk Shapeshifter)       Turns: 1717, Time: 00:07:50

Health: -1/40      AC: 13    Str: 16    XL:     3   Next: 33%
Magic:  3/3        EV:  2    Int:  9    God:
Gold:   78         SH:  0    Dex: 13    Spells: 2/2 levels left

rFire   . .          .
                       - Unarmed
rCold   . . .        (no shield)
rNeg    . . .        a - melded +0 animal skin
rPois   +            (helmet currently unavailable)
rElec   .            (cloak currently unavailable)
rCorr   .            (gloves currently unavailable)
SInv    .            (boots currently unavailable)
Will    .....        (no amulet)
Stlth   +            (no ring)
HPRegen 0.26/turn    (no ring)
MPRegen 0.08/turn

%: no passive effects
@: tree-form, corroded
A: stationary, stasis, torment immunity, boosted hp, (nimble swimmer 2),
(mertail)
a: no special abilities


You were on level 2 of the Dungeon.
You were a tree.
You visited 1 branch of the dungeon, and saw 2 of its levels.

You collected 78 gold pieces.

Inventory:

Armour
 a - a +0 animal skin (melded)
 i - a +0 cloak
Talismans
 c - a beast talisman (active)
 d - a flux talisman
Scrolls
 f - a scroll of fear {unknown}
 g - a scroll of enchant weapon {unknown}
 j - a scroll of immolation {unknown}
 k - 3 scrolls of identify {unknown}
Potions
 e - 2 potions of might {unknown}
 h - 2 potions of haste {unknown}
 l - a potion of heal wounds {unknown}


   Skills:
 * Level 1.8 Fighting
 + Level 2.8 Dodging
 + Level 0.4 Stealth
 * Level 3.9 Unarmed Combat
 * Level 4.5 Shapeshifting


You had 2 spell levels left.
You didn't know any spells.
Your spell library contained the following spells:

 Spells                   Type           Power      Damage    Failure   Level
 Shock                    Conj/Air       0%         1d3       38%         1
 Swiftness                Air            0%         N/A       77%         3
 Airstrike                Air            0%         2d(0-16)  99%         4


Dungeon Overview and Level Annotations

Branches:
Dungeon (2/15)

Altars:
Wu Jian

Shops:
D:2 *!


Innate Abilities, Weirdness & Mutations

You are a tree.
Your roots penetrate the ground, keeping you stationary.
You cannot be teleported.
You are immune to unholy pain and torment.
Your maximum health is greatly increased.
Your equipment is partially melded.
((You are very nimble when in or above water. (Stealth+, EV+, Speed+++)))
((Your lower body shifts to a powerful aquatic tail in water.))


Message History

You see here an adder corpse.
You start resting.
HP restored.
You start waiting.
Done waiting.
Sifu Gene Jian Bin says: Suffer, mortal!
The rancor of the Wu Jian Council corrodes you! 5 dancing weapons come into view.
There is a +1 dire flail of flaming.
There is a +2 glaive of freezing.
There is a +1 glaive of electrocution.
There is a +2 broad axe of speed.
There is a +4 rapier of electrocution.
Your transformation has ended.
You turn into a tree.
Your +0 animal skin melds into your body.
Your roots penetrate the ground.
The +2 glaive of freezing hits you. The +2 glaive of freezing freezes you.
You barely miss the +2 glaive of freezing.
The +4 rapier of electrocution hits you but does no damage.
You hit the +4 rapier of electrocution.
The +4 rapier of electrocution is severely damaged.
The +4 rapier of electrocution hits you but does no damage.
The +1 glaive of electrocution hits you but does no damage.
The +2 glaive of freezing hits you. The +2 glaive of freezing freezes you.
You hit the +4 rapier of electrocution but do no damage.
The +4 rapier of electrocution is heavily damaged.
The +4 rapier of electrocution hits you.
You hit the +4 rapier of electrocution but do no damage.
The +4 rapier of electrocution is heavily damaged.
The +1 glaive of electrocution hits you from afar.
The +2 glaive of freezing hits you. The +2 glaive of freezing freezes you.
The +4 rapier of electrocution hits you but does no damage.
You smack the +4 rapier of electrocution!
You destroy the +4 rapier of electrocution!
That felt strangely unrewarding.
The +1 glaive of electrocution hits you but does no damage.
You are electrocuted!
* * * LOW HITPOINT WARNING * * *
The +2 glaive of freezing hits you but does no damage.
You hit the +2 glaive of freezing but do no damage.
You hit the +2 glaive of freezing but do no damage.
The +1 glaive of electrocution hits you from afar.
You die...

#.#.# +# #...#
.# #..# .#
#.##.# ### #....
#>. #.#.##
#######.#..
#(#(.###......
#.. #♣((.......#
#.. ######†....#
#.. #........###
#.. #..........#
#..
#.......#..###..
#######.##......
#.....##.###..
#.######..<..#
#.######.....#


You could see 4 dancing weapons.

Vanquished Creatures
  A dancing weapon (D:2)
  An adder (D:2)
  A ball python (D:2)
  2 bats (D:1)
  2 hobgoblins (D:1)
  7 jackals
  2 frilled lizards (D:1)
  6 kobolds (D:1)
  2 rats (D:1)
24 creatures vanquished.

Notes
Turn   | Place    | Note
-------+----------+-------------------------------------------
     0 | D:1      | Squishy the Merfolk Shapeshifter began the quest for the
                  | Orb.
     0 | D:1      | Reached XP level 1. HP: 15/15 MP: 1/1
   611 | D:1      | Reached XP level 2. HP: 21/21 MP: 2/2
   909 | D:1      | Found a faded altar of an unknown god.
   920 | D:1      | Prayed at the altar of an unknown god.
   920 | D:1      | Became a worshipper of the Wu Jian Council
   920 | D:1      | Reached * piety under Wu Jian
  1347 | D:2      | Fell from the grace of Wu Jian
  1382 | D:2      | Found Onyotuoc's General Store.
  1409 | D:2      | Reached XP level 3. HP: 25/27 MP: 3/3
  1474 | D:2      | Found Omookhif's Distillery.
  1708 | D:2      | Noticed a +1 dire flail of flaming
  1708 | D:2      | Noticed a +2 glaive of freezing
  1708 | D:2      | Noticed a +1 glaive of electrocution
  1708 | D:2      | Noticed a +2 broad axe of speed
  1708 | D:2      | Noticed a +4 rapier of electrocution
  1715 | D:2      | Killed a +4 rapier of electrocution
  1717 | D:2      | Slain by a +1 glaive of electrocution

Illustrated notes

Levels and vault maps discovered:
D:1:      dpeg_arrival_long_road, layout_basic,
          hellmonk_ecumenical_altar_prayer_group, minmay_misc_feat_tower
D:2:      layout_basic, serial_shops, shop, shop, shop, shop, shop,
          kennysheep_another_room, kennysheep_jessica_study

Action                     || total
---------------------------++-------
  Melee: Unarmed           ||    68
         Punch             ||     2
 Invoke: Renounce Religion ||     1
Ability: Lunge             ||     1
    Use: Potion            ||     1
   Stab: Sleeping          ||     1
 Armour: Animal skin       ||    37
         Skin              ||    12
  Dodge: Dodged            ||    53
   Form: Beast             ||     1
